RES
ROCKDALE CRUSHERS @ BLACKTOWN PUMAS
05/08/2022
 
TOP OF THE 1ST
Rockdale Crushers batting - Pitching for Blacktown Pumas : RHP Luc Hollands
Pitching: RHP Luc Hollands
Batting: RHB J.J. Jones 0-0: Called Strike
0-1: Ball
1-1: Foul Ball, location: 2F
1-2: Ball
2-2: Foul Ball, location: 23FF
2-2: Ground out 1-3 (Groundball, P, EV 68.1 MPH)
Batting: RHB Brad Silk 0-0: SINGLE (Groundball, 56D, EV 96.9 MPH)
Batting: SHB Johnny Knight 0-0: Ball
1-0: Foul Ball, location: 23F
1-1: 2-RUN HOME RUN (Flyball, 89XD, EV 99.4 MPH), Distance : 413 ft
Batting: SHB Mark Kinsley 0-0: Foul Ball, location: 9LSF
0-1: Ball
1-1: Foul Ball, location: 9LMF
1-2: Foul Ball, location: 3F
1-2: Strikes out swinging
Batting: RHB Jerod Quarles 0-0: Ball
1-0: Ball
2-0: Called Strike
2-1: Called Strike
2-2: Foul Ball, location: 7LMFF
2-2: Foul Ball, location: 3SF
2-2: SINGLE (Groundball, 6S, EV 65.0 MPH) (infield hit)
Batting: RHB Mat Bridgman 0-0: Foul Ball, location: 9LMF
0-1: Ball
1-1: Ground out 1-3 (Groundball, 13S, EV 59.4 MPH)
Top of the 1st over - 2 runs, 3 hits, 0 errors, 1 left on base; Rockdale 2 - Blacktown 0
BOTTOM OF THE 1ST
Blacktown Pumas batting - Pitching for Rockdale Crushers : RHP Chet Hopoate
Pitching: RHP Chet Hopoate
Batting: SHB Cheyse Cleaver 0-0: Called Strike
0-1: Called Strike
0-2: Ball
1-2: Ball
2-2: Strikes out swinging
Batting: LHB Sinbad Rabjohns 0-0: Ball
1-0: Ball
2-0: Called Strike
2-1: DOUBLE (Line Drive, 78M, EV 107.5 MPH)
Batting: RHB Kyler Parkins 0-0: Called Strike
0-1: Called Strike
0-2: Ball
1-2: Strikes out swinging
Batting: SHB Louie Mumford 0-0: Foul Ball, location: 7LDF
0-1: Ball
1-1: Ball
2-1: Foul Ball, location: 2RF
2-2: Foul Ball, location: 7LSFF
2-2: Foul Ball, location: 5SF
2-2: Foul Ball, location: 2F
2-2: Foul Ball, location: 9LSF
2-2: Ball
3-2: SINGLE (Groundball, 4MD, EV 103.8 MPH)
Sinbad Rabjohns to third
Runner from 3rd tries for Home, SAFE, throw by CF to home
Batting: RHB Davey Anderton 0-0: Called Strike
Louie Mumford is caught stealing 2nd base 2-4
Bottom of the 1st over - 1 run, 2 hits, 0 errors, 0 left on base; Rockdale 2 - Blacktown 1
TOP OF THE 2ND
Rockdale Crushers batting - Pitching for Blacktown Pumas : RHP Luc Hollands
Batting: RHB Eugene Pilcher 0-0: Called Strike
0-1: SINGLE (Groundball, 6D, EV 103.8 MPH)
Batting: SHB Quincy Provan 0-0: Grounds into double play, 4-6-3 (Groundball, 4, EV 106.9 MPH)
Batting: RHB Jim Unknown 0-0: Ball
1-0: Called Strike
1-1: Ball
2-1: Fly out, F8 (Flyball, 8RM, EV 78.1 MPH)
Top of the 2nd over - 0 runs, 1 hit, 0 errors, 0 left on base; Rockdale 2 - Blacktown 1
BOTTOM OF THE 2ND
Blacktown Pumas batting - Pitching for Rockdale Crushers : RHP Chet Hopoate
Batting: RHB Davey Anderton 0-0: Called Strike
0-1: Ground out 6-3 (Groundball, P, EV 91.3 MPH)
Batting: LHB Elvin Nottage 0-0: SINGLE (Popup, 25, EV 92.5 MPH)
Batting: RHB Mick Beard 0-0: Ball
1-0: Swinging Strike
1-1: Ball
2-1: Swinging Strike
2-2: Foul Ball, location: 3F
2-2: Foul Ball, location: 2F
2-2: Ball
3-2: Strikes out swinging
Batting: RHB Cam Lett 0-0: Called Strike
0-1: Foul Ball, location: 9LMF
0-2: Ball
1-2: Strikes out looking
Bottom of the 2nd over - 0 runs, 1 hit, 0 errors, 1 left on base; Rockdale 2 - Blacktown 1
TOP OF THE 3RD
Rockdale Crushers batting - Pitching for Blacktown Pumas : RHP Luc Hollands
Batting: RHB J.J. Jones 0-0: Fly out, F8 (Flyball, 8LD, EV 104.4 MPH)
Batting: RHB Brad Silk 0-0: Foul Ball, location: 2F
0-1: Called Strike
0-2: Foul Ball, location: 5DF
0-2: Ball
1-2: Foul Ball, location: 25FF
1-2: Strikes out swinging
Batting: SHB Johnny Knight 0-0: Called Strike
0-1: Ball
1-1: Foul Ball, location: 3FF
1-2: SINGLE (Line Drive, 6D, EV 106.3 MPH)
Batting: SHB Mark Kinsley 0-0: Called Strike
0-1: Ground out 4-3 (Groundball, 4, EV 86.3 MPH)
Top of the 3rd over - 0 runs, 1 hit, 0 errors, 1 left on base; Rockdale 2 - Blacktown 1
BOTTOM OF THE 3RD
Blacktown Pumas batting - Pitching for Rockdale Crushers : RHP Chet Hopoate
Batting: RHB Ken Nelson 0-0: Foul Ball, location: 3FF
0-1: SINGLE (Groundball, 34D, EV 96.3 MPH)
Batting: SHB Cheyse Cleaver 0-0: Ball
1-0: Ball
2-0: Sac Bunt to P - play at first, batter OUT! 1-3
Ken Nelson to second
Batting: LHB Sinbad Rabjohns 0-0: Swinging Strike
0-1: Ball
1-1: Ball
2-1: Foul Ball, location: 7LDF
2-2: Strikes out looking
Pitching: RHP Bob Sagar
Batting: RHB Kyler Parkins 0-0: Ball
1-0: Swinging Strike
1-1: Swinging Strike
1-2: Strikes out swinging
Bottom of the 3rd over - 0 runs, 1 hit, 0 errors, 1 left on base; Rockdale 2 - Blacktown 1
TOP OF THE 4TH
Rockdale Crushers batting - Pitching for Blacktown Pumas : RHP Luc Hollands
Batting: RHB Jerod Quarles 0-0: Called Strike
0-1: Foul Ball, location: 25F
0-2: Ball
1-2: Strikes out swinging
Batting: RHB Mat Bridgman 0-0: Ball
1-0: Called Strike
1-1: Ball
2-1: Foul Ball, location: 2F
2-2: Strikes out swinging
Batting: RHB Eugene Pilcher 0-0: SINGLE (Line Drive, 6MD, EV 97.5 MPH)
Batting: SHB Quincy Provan 0-0: Called Strike
0-1: Ball
1-1: Called Strike
1-2: Strikes out swinging
Top of the 4th over - 0 runs, 1 hit, 0 errors, 1 left on base; Rockdale 2 - Blacktown 1
BOTTOM OF THE 4TH
Blacktown Pumas batting - Pitching for Rockdale Crushers : RHP Bob Sagar
Batting: SHB Louie Mumford 0-0: Ball
1-0: Foul Ball, location: 23FF
1-1: Fly out, F8 (Line Drive, 8RM, EV 102.5 MPH)
Batting: RHB Davey Anderton 0-0: Called Strike
0-1: SINGLE (Flyball, 89S, EV 96.9 MPH)
Batting: LHB Elvin Nottage 0-0: Called Strike
0-1: Ball
1-1: Ball
2-1: Ball
3-1: Foul Ball, location: 7LSF
3-2: Base on Balls
Davey Anderton to second
Batting: RHB Mick Beard 0-0: Called Strike
0-1: Foul Ball, location: 2F
0-2: Strikes out swinging
Batting: RHB Cam Lett 0-0: Called Strike
0-1: Ball
1-1: Foul Ball, location: 2F
1-2: Foul Ball, location: 3SF
1-2: Foul Ball, location: 5F
1-2: Foul Ball, location: 5F
1-2: Strikes out swinging
Bottom of the 4th over - 0 runs, 1 hit, 0 errors, 2 left on base; Rockdale 2 - Blacktown 1
TOP OF THE 5TH
Rockdale Crushers batting - Pitching for Blacktown Pumas : RHP Luc Hollands
Batting: RHB Jim Unknown 0-0: Ball
1-0: Foul Ball, location: 2F
1-1: Swinging Strike
1-2: Fly out, F8 (Flyball, 8RM, EV 86.3 MPH)
Batting: RHB J.J. Jones 0-0: Swinging Strike
0-1: Ball
1-1: Foul Ball, location: 5F
1-2: Foul Ball, location: 2F
1-2: Strikes out looking
Batting: RHB Brad Silk 0-0: Swinging Strike
0-1: Swinging Strike
0-2: Ground out 1-3 (Groundball, 13S, EV 65.0 MPH)
Top of the 5th over - 0 runs, 0 hits, 0 errors, 0 left on base; Rockdale 2 - Blacktown 1
BOTTOM OF THE 5TH
Blacktown Pumas batting - Pitching for Rockdale Crushers : RHP Bob Sagar
Batting: RHB Ken Nelson 0-0: Ball
1-0: Ball
2-0: Called Strike
2-1: Foul Ball, location: 9LSF
2-2: Ball
3-2: Foul Ball, location: 2F
3-2: Strikes out swinging
Batting: SHB Cheyse Cleaver 0-0: Ball
1-0: Called Strike
1-1: Foul Ball, location: 2F
1-2: Ball
2-2: Ball
3-2: Strikes out swinging
Batting: LHB Sinbad Rabjohns 0-0: Ball
1-0: Ball
2-0: Ball
3-0: Base on Balls
Batting: RHB Kyler Parkins 0-0: Called Strike
Sinbad Rabjohns steals 2nd base
0-1: Ball
1-1: Ball
2-1: Foul Ball, location: 2LF
2-2: Foul Ball, location: 9LSF
2-2: Ball
3-2: SINGLE (Groundball, 6MD, EV 101.9 MPH)
Sinbad Rabjohns to third
Runner from 3rd tries for Home, SAFE, throw by CF to home
Pitching: RHP Colin Woolland
Batting: SHB Louie Mumford 0-0: Ball
1-0: Foul Ball, location: 2F
1-1: Ball
2-1: Foul Ball, location: 23FF
2-2: Foul Ball, location: 2F
2-2: Ball
3-2: Fly out, F9 (Flyball, 89S, EV 73.8 MPH)
Bottom of the 5th over - 1 run, 1 hit, 0 errors, 1 left on base; Rockdale 2 - Blacktown 2
TOP OF THE 6TH
Rockdale Crushers batting - Pitching for Blacktown Pumas : RHP Luc Hollands
Batting: SHB Johnny Knight 0-0: Called Strike
0-1: Foul Ball, location: 5F
0-2: Ground out 4-3 (Groundball, 4, EV 110.0 MPH)
Batting: SHB Mark Kinsley 0-0: Called Strike
0-1: Ball
1-1: Ball
2-1: SINGLE (Line Drive, 8RS, EV 110.6 MPH)
Batting: RHB Jerod Quarles 0-0: Ball
1-0: Called Strike
1-1: Ball
2-1: Ball
3-1: Foul Ball, location: 23F
3-2: Foul Ball, location: 25FF
3-2: Base on Balls
Mark Kinsley to second
Batting: RHB Mat Bridgman 0-0: Foul Ball, location: 23F
0-1: SINGLE (Line Drive, 34D, EV 109.4 MPH)
Mark Kinsley to third
Jerod Quarles to second
Batting: RHB Eugene Pilcher 0-0: Grounds into fielders choice 4-2 (Groundball, 4S, EV 77.5 MPH)
Jerod Quarles to third
Mat Bridgman to second
Batting: SHB Quincy Provan 0-0: Called Strike
0-1: Ground out 4-3 (Groundball, 4, EV 80.6 MPH)
Top of the 6th over - 0 runs, 2 hits, 0 errors, 3 left on base; Rockdale 2 - Blacktown 2
BOTTOM OF THE 6TH
Blacktown Pumas batting - Pitching for Rockdale Crushers : RHP Colin Woolland
Batting: RHB Davey Anderton 0-0: Called Strike
0-1: Swinging Strike
0-2: Ball
1-2: Strikes out swinging
Batting: LHB Elvin Nottage 0-0: Swinging Strike
0-1: Ball
1-1: Swinging Strike
1-2: Ball
2-2: Ball
3-2: Foul Ball, location: 23F
3-2: Foul Ball, location: 2F
3-2: SINGLE (Flyball, 8LS, EV 89.4 MPH)
Batting: RHB Mick Beard 0-0: Ball
1-0: Ball
2-0: Ball
3-0: Base on Balls
Elvin Nottage to second
Batting: RHB Cam Lett 0-0: Foul Ball, location: 9LDF
0-1: Swinging Strike
0-2: Fly out, F8 (Flyball, 89M, EV 93.8 MPH)
Runner from 2nd tags up, SAFE at 3rd with throw by CF
Batting: RHB Ken Nelson 0-0: Ball
1-0: Ball
2-0: Called Strike
2-1: Called Strike
2-2: Foul Ball, location: 3F
2-2: Foul Ball, location: 2F
2-2: Ball
3-2: Foul Ball, location: 5FF
3-2: Base on Balls
Mick Beard to second
Pitching: RHP Fletch Willis
Batting: SHB Cheyse Cleaver 0-0: Ball
1-0: Ball
2-0: Foul Ball, location: 3F
2-1: Foul Ball, location: 9LMFF
2-2: Foul Ball, location: 7LMF
2-2: Ball
3-2: Fly out, F9 (Line Drive, 9LS, EV 101.3 MPH)
Bottom of the 6th over - 0 runs, 1 hit, 0 errors, 3 left on base; Rockdale 2 - Blacktown 2
TOP OF THE 7TH
Rockdale Crushers batting - Pitching for Blacktown Pumas : RHP Luc Hollands
Batting: RHB Jim Unknown 0-0: Called Strike
0-1: Foul Ball, location: 9LSF
0-2: Strikes out swinging
Batting: RHB J.J. Jones 0-0: Ball
1-0: SINGLE (Line Drive, 7LS, EV 95.6 MPH)
Batting: RHB Brad Silk 0-0: Called Strike
0-1: Foul Ball, location: 9LDF
0-2: Ball
1-2: Fly out, F8 (Flyball, 8RM, EV 80.6 MPH)
Pitching: RHP Daniel Hackford
Batting: SHB Johnny Knight 0-0: Ball
1-0: Called Strike
1-1: Ball
2-1: Ball
3-1: Fly out, F7 (Line Drive, 7, EV 105.0 MPH)
Top of the 7th over - 0 runs, 1 hit, 0 errors, 1 left on base; Rockdale 2 - Blacktown 2
BOTTOM OF THE 7TH
Blacktown Pumas batting - Pitching for Rockdale Crushers : RHP Fletch Willis
Batting: LHB Sinbad Rabjohns 0-0: Called Strike
0-1: Foul Ball, location: 7LMF
0-2: Ball
1-2: Ball
2-2: Ball
3-2: Base on Balls
Batting: RHB Kyler Parkins 0-0: Ball
1-0: Called Strike
1-1: Foul Ball, location: 3F
1-2: Strikes out swinging
Batting: SHB Louie Mumford 0-0: Called Strike
0-1: Ball
1-1: Foul Ball, location: 3SF
1-2: Ball
2-2: Foul Ball, location: 5FF
2-2: Foul Ball, location: 9LMF
2-2: Ball
3-2: Hit by Pitch
Sinbad Rabjohns to second
Batting: RHB Davey Anderton 0-0: Ball
1-0: Called Strike
1-1: Ball
2-1: Foul Ball, location: 2F
2-2: Foul Ball, location: 9LDF
2-2: Ball
3-2: Base on Balls
Sinbad Rabjohns to third
Louie Mumford to second
Pitching: RHP Michael Goodship
Batting: LHB Elvin Nottage 0-0: Called Strike
0-1: Ball
1-1: Called Strike
1-2: Ball
2-2: SINGLE (Line Drive, 8RS, EV 105.0 MPH)
Sinbad Rabjohns scores
Louie Mumford to third
Davey Anderton to second
Batting: RHB Mick Beard 0-0: Called Strike
0-1: Foul Ball, location: 7LDF
0-2: Ball
1-2: Fly out, F7 (Flyball, 7D, EV 83.8 MPH)
Runner from 3rd tags up, SCORES, throw by LF
Batting: RHB Cam Lett 0-0: Ball
1-0: Called Strike
1-1: Called Strike
1-2: Ball
2-2: Fly out, F9 (Flyball, 9LS, EV 88.1 MPH)
Bottom of the 7th over - 2 runs, 1 hit, 0 errors, 2 left on base; Rockdale 2 - Blacktown 4
TOP OF THE 8TH
Rockdale Crushers batting - Pitching for Blacktown Pumas : RHP Daniel Hackford
Batting: SHB Mark Kinsley 0-0: Called Strike
0-1: Fly out, F7 (Flyball, 7, EV 86.9 MPH)
Pinch Hitting: LHB Steve Smith 0-0: Ball
1-0: Ball
2-0: Ball
3-0: Called Strike
3-1: Base on Balls
Batting: RHB Mat Bridgman 0-0: Ball
1-0: SINGLE (Groundball, 4MD, EV 102.5 MPH)
Steve Smith to second
Runner from 2nd tries for 3rd, SAFE, throw by CF made to third
Pinch Hitting: SHB Fred Baverstock 0-0: Ball
1-0: Ball
2-0: Called Strike
2-1: Ball
3-1: Base on Balls
Mat Bridgman to second
Batting: SHB Quincy Provan 0-0: Fly out, F8 (Flyball, 8LXD, EV 106.3 MPH)
Runner from 3rd tags up, SCORES, no throw by CF
Batting: LHB Greg Woods 0-0: Called Strike
0-1: Swinging Strike
0-2: Ball
1-2: Strikes out swinging
Top of the 8th over - 1 run, 1 hit, 0 errors, 2 left on base; Rockdale 3 - Blacktown 4
BOTTOM OF THE 8TH
Blacktown Pumas batting - Pitching for Rockdale Crushers : RHP Michael Goodship
Now at 3B: Justin Borrett
Now at SS: Anaru Hulama
Batting: RHB Ken Nelson 0-0: Ball
1-0: Ball
2-0: Foul Ball, location: 9LMF
2-1: Ball
3-1: Called Strike
3-2: DOUBLE (Line Drive, 9LS, EV 90.6 MPH)
Batting: SHB Cheyse Cleaver 0-0: Ball
1-0: Fly out, F8 (Flyball, 89S, EV 91.3 MPH)
Batting: LHB Sinbad Rabjohns 0-0: Ground out 5-3 (Groundball, 56S, EV 69.4 MPH)
Batting: RHB Kyler Parkins 0-0: DOUBLE (Flyball, 8RXD, EV 106.9 MPH)
Ken Nelson scores
Batting: SHB Louie Mumford 0-0: Called Strike
0-1: Called Strike
0-2: Foul Ball, location: 7LSF
0-2: Strikes out looking
Bottom of the 8th over - 1 run, 2 hits, 0 errors, 1 left on base; Rockdale 3 - Blacktown 5
TOP OF THE 9TH
Rockdale Crushers batting - Pitching for Blacktown Pumas : RHP Daniel Hackford
Pitching: RHP Daniel Bartlett
Batting: RHB J.J. Jones 0-0: Foul Ball, location: 9LDF
0-1: Called Strike
0-2: Ball
1-2: Ball
2-2: Ball
3-2: Fly out, F9 (Flyball, 9LM, EV 100.6 MPH)
Batting: RHB Brad Silk 0-0: Ball
1-0: Ball
2-0: Foul Ball, location: 2F
2-1: Foul Ball, location: 2F
2-2: Strikes out swinging
Batting: SHB Johnny Knight 0-0: Fly out, F6 (Line Drive, 6, EV 61.9 MPH)
Top of the 9th over - 0 runs, 0 hits, 0 errors, 0 left on base; Rockdale 3 - Blacktown 5
Tuesday, April 30th , 2024 - OOTP Baseball 24.9 Build 80